 Dungeon Sprint DCSS version 0.17-a0-1996-gd2c0ec8 (webtiles) character file.

9699 Kidiri the Unseen (level 11, 0/47 HPs)
             Began as a Spriggan Enchanter on Oct 7, 2015.
             Was the Champion of Dithmenos.
             Succumbed to poison (dark miasma)
             ... in the Dungeon (Sprint III: "The Ten Rune Challenge").
             The game lasted 00:15:17 (3204 turns).

Kidiri the Unseen (Spriggan Enchanter)              Turns: 3204, Time: 00:15:17

Health: 0/47       AC:  4    Str:  3 (4)  XL:     11   Next: 26%
Magic:  26/26      EV: 32    Int: 20      God:    Dithmenos [******]
Gold:   18         SH:  0    Dex: 19      Spells: 8 memorised, 14 levels left

rFire  . . .     SeeInvis +     l - +0 short sword
rCold  . . .     Clarity  .     e - +2 robe {MR+}
rNeg   . . .     SustAt   .     (shield restricted)
rPois  .         Gourm    .     (helmet restricted)
rElec  .         Spirit   .     (no cloak)
rCorr  .         Warding  .     (gloves unavailable)
rMut   .         NoTele   +     (boots unavailable)
MR     ++...                    (no amulet)
Stlth  ++++++++++               (no ring)
                                (no ring)

@: lethally poisoned (0 -> -11), exhausted, slowed, wreathed by umbra, quick,
very resistant to hostile enchantments, uncannily stealthy
A: unfitting armour, antennae 1, see invisible, clever 1, deterioration 1,
herbivore 3, speed 3, low mp 1, slow metabolism 2
a: Shadow Step, Shadow Form, Renounce Religion


You were in the Dungeon.
You worshipped Dithmenos.
Dithmenos was exalted by your worship.
You were full.

You visited 1 branch You collected 18 gold pieces.

Inventory:

Hand Weapons
 l - a +0 short sword (weapon)
Missiles
 a - 10 throwing nets (quivered)
Armour
 e - a +2 robe of magic resistance (worn)
Scrolls
 j - a scroll of blinking
 k - a scroll of remove curse
 n - a scroll of holy word
 s - a scroll of torment {unknown}
Potions
 c - a potion of might
 g - 2 potions of haste
 h - 2 potions of magic
 i - a potion of berserk rage
 r - 3 potions of flight
 u - 2 potions of cure mutation
Comestibles
 q - 2 fruits
 t - 31 royal jellies


   Skills:
 * Level 12.0 Short Blades
 + Level 5.9 Armour
 * Level 15.3 Dodging
 * Level 16.6 Stealth
 * Level 13.1 Spellcasting
 + Level 5.0 Conjurations
 + Level 9.9 Hexes
 + Level 9.2 Charms
 + Level 6.4 Ice Magic
 + Level 5.8 Air Magic
 - Level 2.0 Invocations


You had 14 spell levels left.
You knew the following spells:

 Your Spells              Type           Power        Failure   Level  Hunger
a - Corona                Hex            ######.      1%          1    None
b - Ensorcelled Hibernat  Hex/Ice        #####.       1%          2    None
c - Confuse               Hex            ######..     1%          3    None
d - Tukima's Dance        Hex            ######..     1%          3    None
e - Dazzling Spray        Conj/Hex       #####...     1%          3    None
f - Repel Missiles        Chrm/Air       #####.       1%          2    None
g - Static Discharge      Conj/Air       ####....     1%          3    None
h - Lightning Bolt        Conj/Air       ####......   17%         5    ####...


Dungeon Overview and Level Annotations

Branches:
Dungeon (1/1)

Altars:
Cheibriados
Dithmenos
Elyvilon
Fedhas
Gozag
Kikubaaqudgha
Makhleb
Nemelex Xobeh
Okawaru
Qazlal
Ru
Sif Muna
Trog
Vehumet
Xom
Yredelemnul
Zin
The Shining One
Jiyva
Lugonu


Innate Abilities, Weirdness & Mutations

You are tiny and cannot use many weapons and most armour.
You have supernaturally acute eyesight.
You are a herbivore.
You cover ground extremely quickly.
You need consume almost no food.
You have a pair of small antennae on your head.
Your mind is acute. (Int +2)
Your body sometimes deteriorates upon taking damage.
Your magical capacity is low (-10% MP).


Message History

Drink which item? (? for menu, Esc to quit)
A red film seems to cover your vision as you go berserk!
You feel yourself moving faster!
You feel mighty!
You feel yourself speed up.
* * * LOW HITPOINT WARNING * * *
You feel sick.
You feel a strong urge to attack something.
* * * LOW HITPOINT WARNING * * *
You feel sick.
* * * LOW HITPOINT WARNING * * *
You feel sick.
You feel your anger subside.
* * * LOW HITPOINT WARNING * * *
You feel sick.
You are no longer berserk.
You are exhausted.
You feel yourself slow down.
* * * LOW HITPOINT WARNING * * *
You feel sick.
You die...

,,,,,#.≈♣♣♣♣♣♣♣♣♣♣♣♣♣♣♣♣PP#......
*****#.%♣♣ ♣♣♣##+####
###'♣♣♣♣♣♣♣♣♣♣♣♣♣♣♣***,,,+,≈ *
♣♣♣♣.##..##≈≈≈≈≈≈.%#{,*,,,*,≈ **
♣%..##%##.#≈≈≈≈≈...#{,*,,,*,* +*
♣♣.##.##%##'≈≈≈≈≈####+*****,* ,*
♣..#.##).[#≈§.§..§§§,*,,,,,* ****
♣♣.##.##..#§§.+#####**,,,,,* ,,,*
♣♣.##.#####@§§#,,,,,,*,,,,,* ,,,*
♣%....##..§§§§#***,_,*,,,,,*
*****########+######*******+*****
≈≈≈≈≈≈≈≈≈≈≈**,,,,,,,,,,,***,,,,,+
≈≈≈≈≈≈≈≈≈≈≈**,,,,,,,,,,,,**,*****
≈≈,,≈≈≈≈≈,,************,,**,*,,,,
≈,,,,≈≈≈,,,***,,,,,,,,,,,**,*,,,,
≈≈,,≈≈≈≈≈,,**,,,,,,,,,,,***,*,,,,
≈≈≈≈≈≈≈≈≈,,**,,********** *,*,,,*


There were no monsters in sight!

Vanquished Creatures
  2 hydras (D)
  Erolcha (D)
  A death drake (D)
  A lindwurm (D)
  A komodo dragon (D)
  2 spiny frogs (D)
  A queen bee (D)
  A deep elf priest (D)
  3 wandering mushrooms (D)
  4 redbacks (D)
  2 trapdoor spiders (D)
  A shadow (D)
  2 hill giants (D)
  A spatial vortex (D)
  A necrophage (D)
  3 two-headed ogres (D)
  2 brain worms (D)
  A water elemental (D)
  32 killer bees (D)
  An electric eel (D)
  A jelly (D)
  Jessica (D)
  A necromancer (D)
  A wizard (D)
  A wolf (D)
  3 humans (D)
  A kobold demonologist (D)
  2 oozes (D)
  A rat (D)
75 creatures vanquished.

Vanquished Creatures (collateral kills)
  Maud (D)
1 creature vanquished.

Vanquished Creatures (others)
  2 draconian scorchers (D)
  2 yaktaurs (D)
4 creatures vanquished.

Grand Total: 80 creatures vanquished

Notes
Turn   | Place    | Note
--------------------------------------------------------------
     0 | D        | Kidiri the Spriggan Enchanter began the quest for the Orb.
     0 | D        | Reached XP level 1. HP: 9/9 MP: 5/5
     9 | D        | Reached skill level 5 in Stealth
    11 | D        | Reached XP level 2. HP: 13/13 MP: 5/7
    15 | D        | Learned a level 2 spell: Ensorcelled Hibernation
    50 | D        | Noticed Jessica
    55 | D        | Killed Jessica
    55 | D        | Reached skill level 1 in Armour
    55 | D        | Reached skill level 6 in Stealth
    55 | D        | Reached XP level 3. HP: 16/16 MP: 7/9
    62 | D        | Learned a level 3 spell: Confuse
    66 | D        | Learned a level 3 spell: Dazzling Spray
   103 | D        | Reached skill level 5 in Dodging
   103 | D        | Reached skill level 1 in Ice Magic
   123 | D        | Killed a yaktaur
   165 | D        | Killed a white draconian scorcher
   186 | D        | Noticed a wolf
   192 | D        | Killed a wolf
   192 | D        | Reached skill level 7 in Stealth
   192 | D        | Reached XP level 4. HP: 21/21 MP: 8/11
   197 | D        | Learned a level 3 spell: Tukima's Dance
   210 | D        | Gained mutation: Your magical capacity is low (-10% MP). [potion of mutation]
   210 | D        | Gained mutation: You have a pair of small antennae on your head. [potion of mutation]
   210 | D        | Gained mutation: Your body sometimes deteriorates upon taking damage. [potion of mutation]
   213 | D        | Gained mutation: Your magical capacity is very low (-20% MP). [potion of mutation]
   213 | D        | Gained mutation: Your mind is acute. (Int +2) [potion of mutation]
   214 | D        | Lost mutation: Your magical capacity is very low (-20% MP). [potion of mutation]
   229 | D        | Noticed a water elemental
   232 | D        | Killed a water elemental
   232 | D        | Reached skill level 5 in Spellcasting
   241 | D        | Noticed a jelly
   242 | D        | Noticed a shadow
   244 | D        | Killed a shadow
   244 | D        | Reached skill level 5 in Short Blades
   244 | D        | Reached skill level 8 in Dodging
   244 | D        | Reached skill level 9 in Stealth
   244 | D        | Reached skill level 5 in Hexes
   244 | D        | Reached XP level 5. HP: 24/24 MP: 11/14
   244 | D        | Reached XP level 6. HP: 28/28 MP: 11/15
   254 | D        | Killed a jelly
   346 | D        | Killed a white draconian scorcher
   374 | D        | Found a stormy altar of Qazlal.
   375 | D        | Found a sacrificial altar of Ru.
   375 | D        | Found a burning altar of Makhleb.
   375 | D        | Found a viscous altar of Jiyva.
   375 | D        | Found a shimmering altar of Xom.
   375 | D        | Found a shadowy altar of Dithmenos.
   375 | D        | Found a sparkling altar of Nemelex Xobeh.
   375 | D        | Found a corrupted altar of Lugonu.
   375 | D        | Found an opulent altar of Gozag.
   375 | D        | Noticed a spatial vortex
   379 | D        | Became a worshipper of Dithmenos the Shadowed
   391 | D        | Killed a spatial vortex
   391 | D        | Reached skill level 10 in Stealth
   391 | D        | Reached skill level 1 in Invocations
   499 | D        | Found a radiant altar of Vehumet.
   500 | D        | Found a deep blue altar of Sif Muna.
   500 | D        | Found an ancient bone altar of Kikubaaqudgha.
   500 | D        | Noticed a wizard
   501 | D        | Killed a wizard
   501 | D        | Reached skill level 1 in Conjurations
   513 | D        | Learned a level 2 spell: Repel Missiles
   517 | D        | Learned a level 3 spell: Static Discharge
   519 | D        | Killed a yaktaur
   527 | D        | Found a glowing silver altar of Zin.
   528 | D        | Found a glowing golden altar of the Shining One.
   528 | D        | Found a white marble altar of Elyvilon.
   528 | D        | Noticed a deep elf priest
   530 | D        | Killed a deep elf priest
   530 | D        | Reached skill level 10 in Dodging
   530 | D        | Reached skill level 11 in Stealth
   530 | D        | Reached skill level 1 in Air Magic
   530 | D        | Reached XP level 7. HP: 32/32 MP: 18/18
   539 | D        | Learned a level 5 spell: Lightning Bolt
   570 | D        | Found an iron altar of Okawaru.
   571 | D        | Found a bloodstained altar of Trog.
   571 | D        | Noticed a human
   571 | D        | Noticed a human
   573 | D        | Killed a human
   574 | D        | Killed a human
   593 | D        | Found a snail-covered altar of Cheibriados.
   593 | D        | Noticed a necrophage
   594 | D        | Found a basalt altar of Yredelemnul.
   594 | D        | Found a blossoming altar of Fedhas.
   594 | D        | Noticed a necromancer
   598 | D        | Killed a necromancer
   598 | D        | Acquired Dithmenos's first power
   600 | D        | Killed a necrophage
   600 | D        | Reached XP level 8. HP: 31/35 MP: 10/20
   662 | D        | Noticed a two-headed ogre
   662 | D        | Noticed a two-headed ogre
   666 | D        | Killed a two-headed ogre
   668 | D        | Killed a two-headed ogre
   668 | D        | Reached skill level 12 in Stealth
   670 | D        | Noticed a two-headed ogre
   671 | D        | Killed a two-headed ogre
   671 | D        | Acquired Dithmenos's second power
   713 | D        | Noticed a hill giant
   716 | D        | Killed a hill giant
   721 | D        | Noticed a hill giant
   721 | D        | Noticed Erolcha
   723 | D        | Killed Erolcha
   723 | D        | Reached skill level 13 in Stealth
   723 | D        | Reached skill level 10 in Spellcasting
   723 | D        | Reached skill level 5 in Charms
   723 | D        | Reached XP level 9. HP: 38/38 MP: 21/21
   724 | D        | Killed a hill giant
   729 | D        | Noticed a redback
   732 | D        | Noticed a trapdoor spider
   749 | D        | Killed a redback
   749 | D        | Acquired Dithmenos's third power
  1028 | D        | Noticed a trapdoor spider
  1037 | D        | Killed a trapdoor spider
  1135 | D        | Killed a trapdoor spider
  1236 | D        | Noticed a killer bee
  1236 | D        | Noticed a killer bee
  1236 | D        | Noticed a killer bee
  1236 | D        | Noticed a killer bee
  1236 | D        | Noticed a killer bee
  1236 | D        | Noticed a killer bee
  1236 | D        | Noticed a killer bee
  1236 | D        | Noticed a queen bee
  1236 | D        | Noticed a killer bee
  1236 | D        | Noticed a killer bee
  1236 | D        | Noticed a killer bee
  1236 | D        | Noticed a killer bee
  1236 | D        | Noticed a killer bee
  1236 | D        | Noticed a killer bee
  1236 | D        | Noticed a killer bee
  1237 | D        | Noticed a killer bee
  1237 | D        | Noticed a killer bee
  1237 | D        | Noticed a killer bee
  1237 | D        | Noticed a killer bee
  1237 | D        | Noticed a killer bee
  1237 | D        | Noticed a killer bee
  1237 | D        | Noticed a killer bee
  1237 | D        | Noticed a killer bee
  1237 | D        | Noticed a killer bee
  1237 | D        | Noticed a killer bee
  1237 | D        | Noticed a killer bee
  1237 | D        | Noticed a killer bee
  1237 | D        | Noticed a killer bee
  1237 | D        | Noticed a killer bee
  1237 | D        | Noticed a killer bee
  1237 | D        | Noticed a killer bee
  1237 | D        | Noticed a killer bee
  1237 | D        | Noticed a killer bee
  1239 | D        | Killed a killer bee
  1240 | D        | Killed a killer bee
  1241 | D        | Killed a killer bee
  1491 | D        | Killed a killer bee
  1496 | D        | Killed a killer bee
  1496 | D        | Acquired Dithmenos's fourth power
  1501 | D        | Killed a killer bee
  1503 | D        | Killed a killer bee
  1627 | D        | Killed a killer bee
  1627 | D        | Reached skill level 10 in Short Blades
  1629 | D        | Killed a killer bee
  1631 | D        | Killed a killer bee
  1631 | D        | Reached skill level 14 in Stealth
  1633 | D        | Killed a killer bee
  1633 | D        | Reached skill level 5 in Ice Magic
  1635 | D        | Killed a killer bee
  1637 | D        | Killed a killer bee
  1639 | D        | Killed a killer bee
  1641 | D        | Killed a killer bee
  1645 | D        | Killed a killer bee
  1652 | D        | Killed a killer bee
  1798 | D        | Killed a killer bee
  1803 | D        | Killed a killer bee
  1803 | D        | Killed a killer bee
  1803 | D        | Killed a killer bee
  1804 | D        | Killed a killer bee
  1805 | D        | Killed a killer bee
  1807 | D        | Killed a killer bee
  2020 | D        | Killed a killer bee
  2036 | D        | Killed a killer bee
  2040 | D        | Killed a killer bee
  2042 | D        | Killed a queen bee
  2042 | D        | Reached XP level 10. HP: 44/44 MP: 6/23
  2066 | D        | Killed a killer bee
  2291 | D        | Killed a killer bee
  2293 | D        | Killed a killer bee
  2547 | D        | Killed a killer bee
  2556 | D        | Killed a killer bee
  2690 | D        | Noticed a wandering mushroom
  2691 | D        | Noticed a wandering mushroom
  2691 | D        | Noticed a wandering mushroom
  2692 | D        | Killed a wandering mushroom
  2692 | D        | Reached skill level 5 in Armour
  2694 | D        | Killed a wandering mushroom
  2695 | D        | Killed a wandering mushroom
  2695 | D        | Reached skill level 15 in Stealth
  2741 | D        | Noticed a spiny frog
  2741 | D        | Noticed a komodo dragon
  2741 | D        | Noticed a spiny frog
  2745 | D        | Killed a spiny frog
  2750 | D        | Killed a komodo dragon
  2753 | D        | Killed a spiny frog
  2809 | D        | Noticed a redback
  2811 | D        | Killed a redback
  2812 | D        | Noticed a brain worm
  2815 | D        | Killed a brain worm
  2821 | D        | Noticed a brain worm
  2825 | D        | Killed a brain worm
  2954 | D        | Noticed a lindwurm
  2956 | D        | Noticed a redback
  2957 | D        | Killed a lindwurm
  2957 | D        | Reached skill level 5 in Air Magic
  2959 | D        | Killed a redback
  2964 | D        | Noticed a redback
  2965 | D        | Killed a redback
  2966 | D        | Noticed Maud
  2973 | D        | Killed Maud
  2973 | D        | Reached skill level 16 in Stealth
  2973 | D        | Reached XP level 11. HP: 39/47 MP: 18/25
  3032 | D        | Noticed an electric eel
  3130 | D        | Noticed a five-headed hydra
  3130 | D        | Noticed a four-headed hydra
  3131 | D        | Killed an electric eel
  3133 | D        | Killed a five-headed hydra
  3134 | D        | Killed a four-headed hydra
  3134 | D        | Reached skill level 15 in Dodging
  3179 | D        | Noticed a death drake
  3184 | D        | Killed a death drake
  3184 | D        | Reached skill level 5 in Conjurations
  3201 | D        | HP: 3/70 [poison (dark miasma)]
  3203 | D        | HP: 1/47 [poison (dark miasma)]
  3204 | D        | Succumbed to poison (dark miasma)

Vault maps used:
D:        dungeon_sprint_mu

Action                   |  1- 3 |  4- 6 |  7- 9 | 10-12 || total
-------------------------+-------+-------+-------+-------++-------
Melee: Dagger            |    16 |    14 |     2 |       ||    32
       Short sword       |       |       |    62 |    39 ||   101
 Cast: Ensorcelled Hiber |     5 |     3 |    28 |    18 ||    54
       Dazzling Spray    |       |     5 |    12 |     3 ||    20
       Confuse           |       |       |     3 |       ||     3
       Static Discharge  |       |       |     8 |       ||     8
       Tukima's Dance    |       |       |       |     1 ||     1
Invok: Shadow Step       |       |       |     2 |     5 ||     7
  Use: Scroll            |       |     5 |       |       ||     5
       Potion            |       |     3 |     1 |     3 ||     7
 Stab: Sleeping          |     5 |     6 |    23 |    18 ||    52
       Invisible         |       |       |     2 |     2 ||     4
       Confused          |       |       |     3 |       ||     3
  Eat: Bread ration      |       |       |       |     1 ||     1
